 Dungeon Crawl Stone Soup version 0.26.0-16-gc1dbca0489 (webtiles) character file.

Game seed: 16089692359370384533

1273 shakesphere1979 the Nimble (level 8, 0/64 HPs)
             Began as a Merfolk Gladiator on Jan 18, 2021.
             Was an Initiate of Yredelemnul.
             Killed from afar by Maggie (25 damage)
             ... with a bolt of fire
             ... on level 6 of the Dungeon.
             The game lasted 00:25:59 (7153 turns).

shakesphere1979 the Nimble (Merfolk Gladiator)      Turns: 7153, Time: 00:26:00

Health: 0/64       AC: 10    Str: 16    XL:     8   Next: 53%
Magic:  8/8        EV: 16    Int:  7    God:    Yredelemnul [......]
Gold:   252        SH:  0    Dex: 16    Spells: 7/7 levels left

rFire    . . .     SeeInvis .   f - +3 short sword
rCold    . . .     Faith    .   (no shield)
rNeg     . . .     Spirit   .   q - +3 ring mail
rPois    .         Reflect  .   c - +0 helmet
rElec    .         Harm     .   s - +0 cloak
rCorr    .         Rampage  .   (no gloves)
Will     .....                  (no boots)
Stlth    ++........             (no amulet)
HPRegen  0.20/turn              (no ring)
MPRegen  0.11/turn              (no ring)

@: mesmerised
A: change form in water, swift swim, stealthy swim
a: Renounce Religion


You were on level 6 of the Dungeon.
You worshipped Yredelemnul.
Yredelemnul was noncommittal.
You visited 2 branches of the dungeon, and saw 7 of its levels.

You collected 252 gold pieces.

Inventory:

Hand Weapons
 a - a +0 trident
 f - a +3 short sword (weapon)
Missiles
 d - 3 throwing nets (quivered)
 e - 114 stones
 g - 2 datura-tipped darts
 n - 6 arrows
 o - 4 boomerangs
 p - 7 poisoned darts
Armour
 c - a +0 helmet (worn)
 q - a +3 ring mail (worn)
 s - a +0 cloak (worn)
Jewellery
 m - a +4 ring of protection {unknown}
Wands
 t - a wand of iceblast (10)
 u - a wand of acid (8)
Scrolls
 b - a scroll of magic mapping {unknown}
 h - 3 scrolls of teleportation
 i - 2 scrolls of amnesia
 j - a scroll of remove curse
 k - a scroll of blinking
 l - 2 scrolls of identify
Potions
 r - a potion of curing
 v - a potion of haste {unknown}
 w - a potion of flight {unknown}


   Skills:
 + Level 5.7 Fighting
 - Level 4.4 Polearms
 + Level 4.7 Throwing
 - Level 9.0 Dodging
 + Level 5.1 Stealth


You had 7 spell levels left.
You didn't know any spells.
Your spell library contained the following spells:

 Spells                   Type           Power        Failure   Level
 Animate Skeleton         Necr           0%           65%         1
 Pain                     Necr           0%           65%         1
 Vampiric Draining        Necr           0%           95%         3
 Animate Dead             Necr           0%           100%        4
 Agony                    Necr           0%           100%        5


Dungeon Overview and Level Annotations

Branches:
Dungeon (6/15)             Temple (1/1) D:5

Altars:
Cheibriados
Dithmenos
Elyvilon
Fedhas
Gozag
Hepliaklqana
Kikubaaqudgha
Okawaru
Qazlal
Ru
Trog
Uskayaw
Wu Jian
Xom
Yredelemnul
Zin

Annotations:
D:3 Need wand of digging
D:4 Grinder
D:6 Maggie


Message History

The leopard gecko closely misses you. The hound barely misses you.
You hit the hound.
The hound is severely wounded.
The leopard gecko bites you but does no damage.
The hound barely misses you.
The leopard gecko bites you but does no damage.
Maggie mumbles the words to a spell, but in the wrong order.
You hit the hound.
You kill the hound!
Yredelemnul accepts your kill. The leopard gecko barely misses you.
Maggie casts a spell.
Maggie draws you further into her thrall.
You hit the jackal but do no damage. The jackal closely misses you.
The leopard gecko barely misses you.
The jackal bites you but does no damage.
Maggie points at you and mumbles some strange words.
The bolt of fire misses the jackal.
The bolt of fire hits you!!
You die...
Your body rises from the dead as a mindless zombie.

.# .# ####.# (...# ##
###########..####...
####...................
..#....................
.....#.....#.....#....
.....#.###.#.###@# ##
##...#.....#...lh#
###.....#.....#@F)
...#....#.###.#$###
#...#...#.....#.
#....#.....#.... #
#.....#....#.###.#
#..........#.....#
#...#..##.....#.. #


You could see Maggie (mesmerising), a bullfrog, a leopard gecko and a jackal.

Vanquished Creatures
  Sigmund (D:4)
  An ice beast (D:5)
  A phantom (D:3)
  A centaur (D:6)
  2 scorpions
  A howler monkey (D:5)
  A bullfrog zombie (D:5)
  4 hounds
  3 orc priests (D:3)
  Crazy Yiuf (D:3)
  A jelly (D:5)
  Jessica (D:3)
  Natasha (thrice) (D:3)
  An iguana (D:5)
  4 worker ants
  4 gnolls (D:3)
  A howler monkey skeleton (D:5)
  3 adders
  A shadow imp (D:5)
  2 white imps
  2 oozes
  4 worms
  9 orcs
  8 bats
  8 giant cockroaches
  5 goblins
  6 hobgoblins
  11 jackals
  7 kobolds
  4 quokkas
  A ball python (D:5)
  5 frilled lizards
  5 rats
112 creatures vanquished.

Vanquished Creatures (others)
  An ufetubus (D:6)
1 creature vanquished.

Grand Total: 113 creatures vanquished

Notes
Turn   | Place    | Note
-------+----------+-------------------------------------------
     0 | D:1      | shakesphere1979 the Merfolk Gladiator began the quest for
                  | the Orb.
     0 | D:1      | Reached XP level 1. HP: 16/16 MP: 1/1
   182 | D:1      | Reached XP level 2. HP: 23/23 MP: 2/2
   327 | D:1      | Reached skill level 1 in Stealth
   518 | D:1      | Reached XP level 3. HP: 5/28 MP: 3/3
  1963 | D:2      | You fall into a shaft and drop 2 floors!
  1964 | D:4      | Noticed Sigmund
  1971 | D:4      | Reached XP level 4. HP: 31/35 MP: 4/4
  2005 | D:4      | Reached skill level 5 in Dodging
  2240 | D:4      | Reached XP level 5. HP: 41/41 MP: 5/5
  2288 | D:4      | Reached XP level 6. HP: 14/48 MP: 6/6
  2859 | D:3      | Noticed a phantom
  3169 | D:3      | Found a runed translucent door.
  3170 | D:3      | Noticed Crazy Yiuf
  3553 | D:3      | Noticed Natasha
  3562 | D:3      | Killed Natasha
  3563 | D:3      | Reached skill level 6 in Dodging
  3611 | D:3      | Noticed Natasha
  3619 | D:3      | Killed Natasha
  3620 | D:3      | Reached XP level 7. HP: 48/55 MP: 7/7
  3693 | D:3      | Noticed Jessica
  3702 | D:3      | Killed Jessica
  3967 | D:3      | Noticed Natasha
  3976 | D:3      | Killed Natasha
  3977 | D:3      | Reached skill level 5 in Fighting
  4246 | D:3      | Paralysed by Crazy Yiuf for 4 turns
  4260 | D:3      | Killed Crazy Yiuf
  4261 | D:3      | Reached skill level 7 in Dodging
  4909 | D:4      | Killed Sigmund
  4910 | D:4      | Reached skill level 8 in Dodging
  5235 | D:4      | Noticed Grinder
  5239 | D:4      | Paralysed by Grinder for 4 turns
  5247 | D:4      | Paralysed by Grinder for 5 turns
  5258 | D:4      | Paralysed by Grinder for 4 turns
  5278 | D:4      | Paralysed by Grinder for 6 turns
  5879 | D:5      | Entered Level 5 of the Dungeon
  6014 | D:5      | Found a basalt altar of Yredelemnul.
  6023 | D:5      | Reached XP level 8. HP: 55/62 MP: 8/8
  6308 | D:5      | Found a staircase to the Ecumenical Temple.
  6351 | Temple   | Entered the Ecumenical Temple
  6452 | D:5      | Became a worshipper of Yredelemnul the Dark
  7143 | D:6      | Noticed Maggie
  7147 | D:6      | Reached skill level 9 in Dodging
  7147 | D:6      | Reached skill level 5 in Stealth
  7153 | D:6      | Killed from afar by Maggie

Illustrated notes

Levels and vault maps discovered:
D:1:      lemuel_arrival_hallway, layout_basic, chequers_serial_rivers_marsh,
          minmay_tiny_reverse_x
D:2:      layout_rooms, gammafunk_temple_overflow_arena,
          minmay_misc_feat_secret_circle
D:3:      layout_basic, serial_glass, glass_columns_a, glass_columns_c,
          due_unseen_surprise, minmay_strange_pillars,
          kennysheep_generic_room_8, uniq_jessica, uniq_crazy_yiuf_cottage,
          uniq_natasha
D:4:      minmay_recursive_quarters, layout_cave_pools, uniq_sigmund,
          uniq_grinder
D:5:      minmay_evil_eye, layout_loops_ring, old_standard_altar,
          minmay_temple_entry_trees, minmay_liquid_box
D:6:      hangedman_cross_stitches, layout_basic, fiery_altar_vehumet,
          uniq_maggie, uniq_edmund, uniq_duvessa
Temple:   nicolae_temple_no_exploring_needed

Skill      XL: |  1  2  3  4  5  6  7  8 |
---------------+-------------------------+-----
Stealth        | 1 2 3 4 5 |  5.1
Fighting       | 3 4 5 |  5.7
Dodging        | 5 6 8 9 |  9.0
Throwing       | 3 4 |  4.7
Polearms       | |  4.4

Action                   |  1- 3 |  4- 6 |  7- 9 || total
-------------------------+-------+-------+-------++-------
Melee: Trident           |    17 |       |       ||    17
       Short sword       |   104 |   164 |   245 ||   513
  Use: Scroll            |       |     6 |     1 ||     7
       Potion            |       |     3 |     2 ||     5
 Stab: Sleeping          |     7 |     4 |     3 ||    14
Armor: Leather armour    |    23 |    10 |       ||    33
       Ring mail         |       |    21 |    79 ||   100
Dodge: Dodged            |   110 |   115 |   192 ||   417
